 Dungeon Crawl Stone Soup version 0.31-a0-4-gefa6de2278 (webtiles) character file.

Game seed: 16519705326049911547

136 Zanecoolhand the Gusty (level 4, -6/34 HPs)
             Began as a Draconian Air Elementalist on May 2, 2023.
             Was a Believer of Lugonu.
             Splashed by a jelly's acid (10 damage)
             ... on level 2 of the Dungeon on May 3, 2023.
             The game lasted 00:10:56 (1658 turns).

Zanecoolhand the Gusty (Draconian Air Elementalist) Turns: 1658, Time: 00:10:57

Health: -6/34      AC: -3    Str: 12    XL:     4   Next: 98%
Magic:  1/8        EV: 12    Int: 16    God:    Lugonu [**....]
Gold:   95         SH:  0    Dex: 11    Spells: 7/8 levels left

rFire   . . .        c - +0 whip
rCold   . . .        (no shield)
rNeg    . . .        (body armour unavailable)
rPois   .            (helmet restricted)
rElec   .            (no cloak)
rCorr   .            (no gloves)
SInv    .            (no boots)
Will    .....        (no amulet)
Stlth   ++           (no ring)
HPRegen 0.25/turn    (no ring)
MPRegen 0.11/turn

%: no passive effects
@: corroded
A: AC +5, unfitting armour, cold-blooded
a: Renounce Religion, Depart the Abyss, Banish


You were on level 2 of the Dungeon.
You worshipped Lugonu.
Lugonu was pleased with you.
You visited 1 branch of the dungeon, and saw 2 of its levels.

You collected 95 gold pieces.

Inventory:

Hand Weapons
 b - a +0 hand axe
 c - a +0 whip (weapon)
Missiles
 d - a throwing net
 f - 10 boomerangs
Scrolls
 e - 2 scrolls of identify
 h - a scroll of poison {unknown}
Potions
 a - a potion of magic
 g - a potion of curing {unknown}


   Skills:
 + Level 0.7 Fighting
 + Level 1.8 Maces & Flails
 + Level 2.0 Dodging
 + Level 2.2 Stealth
 + Level 2.7 Spellcasting
 + Level 1.9 Conjurations
 + Level 3.9 Air Magic


You had 7 spell levels left.
You knew the following spells:

 Your Spells              Type           Power      Damage    Failure   Level
a - Shock                 Conj/Air       44%        1d5       6%          1

Your spell library contained the following spells:

 Spells                   Type           Power      Damage    Failure   Level
 Static Discharge         Conj/Air       22%        2-3/arc   9%          2
 Swiftness                Air            14%        N/A       12%         3
 Airstrike                Air            7%         2d(1-17)  36%         4


Dungeon Overview and Level Annotations

Branches:
Dungeon (2/15)

Altars:
Lugonu

Shops:
D:2 (


Innate Abilities, Weirdness & Mutations

Your plain brown scales are hard. (AC +5)
You cannot fit into any form of body armour.
You are cold-blooded and may be slowed by cold attacks.


Message History

The endoplasm quivers.
The endoplasm hits you. x2
There is an open door here.
The zap hits the endoplasm.
The endoplasm is heavily wounded.
The zap hits the endoplasm.
The endoplasm is heavily wounded.
The jelly quivers.
The endoplasm jiggles.
The endoplasm hits you.
The endoplasm hits you but does no damage.
You hit the endoplasm but do no damage. You tail-slap the endoplasm.
You kill the endoplasm!
Lugonu accepts your kill.
The endoplasm quivers.
The endoplasm hits you but does no damage.
The jelly hits you but does no damage.
You hit the endoplasm but do no damage.
The endoplasm is heavily wounded.
The endoplasm quivers.
The endoplasm barely misses you. The jelly hits you. The acid corrodes you!
You are splashed with acid!
You hit the endoplasm.
You kill the endoplasm!
Lugonu accepts your kill. The jelly hits you.
You are splashed with acid!
You hit the jelly.
Your hands burn!
* * * LOW HITPOINT WARNING * * *
The jelly is lightly wounded.
The endoplasm freezes you.
You are frozen.
* * * LOW HITPOINT WARNING * * *
The endoplasm closely misses you. The jelly closely misses you.
You completely miss the endoplasm.
You tail-slap the endoplasm, but do no damage.
The endoplasm is heavily wounded.
The endoplasm closely misses you. The endoplasm barely misses you.
The jelly hits you.
* * * LOW HITPOINT WARNING * * *
The acid corrodes you!
You are splashed with acid!
You die...

#.# ### #### #.#
#?...÷.##.####### #.#
#.P.PPP#.#.#....##### #.#
#......#)#.#[..).##.#
##.######PP.PP.#.#'#....).'.##
##......##..÷÷..#.#.......)'..#
#
.#..######P.÷..P#.#........)..#
# ......#
#.÷..JJ#.#.......##..###
......#
#..÷.JJ@##......###.....
##....# #....JJ##########
###### #..#)########## ### #
#......####### #### #.# #
##.#####.#...###..# ###.### #
##'## #.#....##..# #.....## #
##...## #†#........# #.##...##
# #.....###.##.#.##..#
#.##....# .......##.##...##..#
#.##....###


You could see 2 jellies and 4 endoplasms.

Vanquished Creatures
  Jessica (D:2)
  Natasha (twice) (D:2)
  An adder (D:2)
  2 worms (D:2)
  3 ball pythons (D:2)
  8 endoplasms
  2 giant cockroaches
  A goblin (D:1)
  5 hobgoblins
  A quokka (D:2)
  2 bats
  14 kobolds
  5 rats
47 creatures vanquished.

Vanquished Creatures (others)
  3 fungi (D:2)
  3 toadstools (D:2)
6 creatures vanquished.

Grand Total: 53 creatures vanquished

Notes
Turn   | Place    | Note
-------+----------+-------------------------------------------
     0 | D:1      | Zanecoolhand the Draconian Air Elementalist began the quest
                  | for the Orb.
     0 | D:1      | Reached XP level 1. HP: 14/14 MP: 3/3
    19 | D:1      | Found a faded altar of an unknown god.
    28 | D:1      | Prayed at the altar of an unknown god.
    28 | D:1      | Became a worshipper of Lugonu the Unformed
    28 | D:1      | Reached * piety under Lugonu
   139 | D:1      | Upgraded the game from 0.31-a0-1-g4198be8af4 to
                  | 0.31-a0-4-gefa6de2278
   295 | D:1      | Reached XP level 2. HP: 20/20 MP: 0/5
   482 | D:2      | Noticed Jessica
   493 | D:2      | Killed Jessica
   494 | D:2      | Reached skill level 1 in Maces & Flails
   494 | D:2      | Reached XP level 3. HP: 18/26 MP: 4/6
   632 | D:2      | Found Wietaw's Antique Weapon Shoppe.
   826 | D:2      | Noticed Natasha
   833 | D:2      | Killed Natasha
   834 | D:2      | Reached XP level 4. HP: 22/34 MP: 0/7
   974 | D:2      | Noticed Natasha
   980 | D:2      | Killed Natasha
  1054 | D:2      | Reached ** piety under Lugonu
  1658 | D:2      | Splashed by a jelly's acid

Illustrated notes

Levels and vault maps discovered:
D:1:      mrwooster_arrival_arrow, layout_rooms,
          shapermc_ecumenical_altar_totnotflames, minmay_misc_feat_columns,
          nicolae_kite_square_tiling_tiny, roderic_lattice_a, solitary_fountain,
          minmay_octomino_j4
D:2:      cheibrodos_fertilizer, layout_loops_corners, serial_shops,
          nicolae_shop_hallway_stairs, uniq_natasha, uniq_jessica

Skill      XL: |  1  2  3  4 |
---------------+-------------+-----
Stealth        | 2 |  2.2
Maces & Flails | 1 |  1.8
Dodging        | 2 |  2.0
Fighting       | |  0.7
Spellcasting   | |  2.7
Conjurations   | |  1.9
Air Magic      | |  3.9

Action                     |  1- 3 |  4- 6 || total
---------------------------+-------+-------++-------
  Melee: Hand axe          |    11 |       ||    11
         Whip              |    42 |    17 ||    59
         Tailslap          |     5 |     3 ||     8
         Punch             |     1 |       ||     1
   Cast: Shock             |    40 |    37 ||    77
    Use: Scroll            |     1 |       ||     1
   Stab: Sleeping          |     1 |       ||     1
 Armour: Skin              |    16 |     5 ||    21
  Dodge: Dodged            |    30 |    13 ||    43

Table legend: (Time is in decaauts)
 A = Elapsed time spent in this place.
 B = Non-inter-level travel time spent in this place.
 C = Inter-level travel time spent in this place.
 D = Time resting spent in this place.
 E = Time spent auto-exploring this place.
 F = Levels seen in this place.
 G = Mean time per level.
                   A        B        C        D        E       F      G
               +--------+--------+--------+--------+--------+-----+--------+
         Total |   1663 |   1107 |    556 |    210 |    620 |   2 |  831.5 |
       Dungeon |   1663 |   1107 |    556 |    210 |    620 |   2 |  831.5 |
               +--------+--------+--------+--------+--------+-----+--------+

Top non-repeatable levels by time:
     D:2: 1238 daAuts
     D:1: 425 daAuts
